 Dungeon Crawl Stone Soup version 0.21-a0-508-gf08a75f (webtiles) character file.

199 DogShitOnMyToe the Spear-Bearer (level 5, -8/38 HPs)
             Began as a Merfolk Gladiator on Nov 29, 2017.
             Mangled by an ogre
             ... wielding a +0 giant club
              (11 damage)
             ... on level 4 of the Dungeon.
             The game lasted 00:04:41 (3222 turns).

DogShitOnMyToe the Spear-Bearer (Merfolk Gladiator) Turns: 3222, Time: 00:04:42

Health: -8/38      AC:  4    Str: 14    XL:     5   Next: 77%
Magic:  5/5        EV: 14    Int:  7    God:
Gold:   184        SH:  0    Dex: 17    Spells: 4/4 levels left

rFire    . . .     SeeInvis .   a - +0 trident
rCold    . . .     Gourm    .   (no shield)
rNeg     . . .     Faith    .   b - +0 leather armour
rPois    .         Spirit   .   c - +0 helmet
rElec    .         Reflect  .   (no cloak)
rCorr    .         Harm     .   (no gloves)
MR       .....                  (no boots)
Stlth    +.........             (no amulet)
HPRegen  0.12/turn              (no ring)
MPRegen  0.09/turn              (no ring)

@: no status effects
A: change form in water, swift swim, stealthy swim
a: no special abilities


You were on level 4 of the Dungeon.
You were hungry.

You visited 1 branch of the dungeon, and saw 4 of its levels.

You collected 184 gold pieces.

Inventory:

Hand Weapons
 a - a +0 trident (weapon)
Missiles
 d - 3 throwing nets (quivered)
Armour
 b - a +0 leather armour (worn)
 c - a +0 helmet (worn)
Scrolls
 e - 4 scrolls of identify {unknown}
 h - a scroll of random uselessness {unknown}
 i - 3 scrolls of teleportation {unknown}
 j - 3 scrolls of immolation {unknown}
 n - 4 scrolls of enchant armour {unknown}
 q - a scroll of remove curse {unknown}
 u - 2 scrolls of magic mapping {unknown}
Potions
 g - a potion of agility {unknown}
 l - 2 potions of haste {unknown}
 o - 2 potions of brilliance {unknown}
 p - a potion of flight {unknown}
 s - a potion of curing {unknown}
 t - 4 potions of heal wounds {unknown}
 v - a potion of might {unknown}
 w - a potion of mutation {unknown}
Comestibles
 f - 4 bread rations
 k - 2 meat rations
 m - a fruit
 r - 2 chunks of flesh


   Skills:
 - Level 2.1 Fighting
 + Level 9.1 Polearms
 - Level 2.0 Throwing
 - Level 4.0 Dodging


You had 4 spell levels left.
You didn't know any spells.

Dungeon Overview and Level Annotations

Branches:
Dungeon (4/15)
 Temple: D:4-7

Altars:
Elyvilon
Makhleb


Message History

You hit the ogre.
The ogre is moderately wounded.
The ogre barely misses you.
You see here an adder skeleton.
The orc wizard gestures wildly while chanting.
The orc wizard flickers and vanishes!
Deactivating autopickup; reactivate with Ctrl-A.
An orc wizard appears from thin air!
Reactivating autopickup.
The ogre misses you.
You are feeling hungry.
You puncture the ogre!
The ogre is heavily wounded.
The ogre hits you with a giant club!!
Ouch! That really hurt!
* * * LOW HITPOINT WARNING * * *
You barely miss the ogre.
The ogre is heavily wounded.
The ogre hits you with a giant club!
You die...

...######.#........#
#.#
..........#.##.##..##
#.#
...#####....##.##...###
#.#
...####...............#
#.#
.###........##.##...#.#
#.# .#
#......#.##.##..##.#
#.#
.###....###(.......##.#
#.#
..........######.#.##.#
#.# ...>......#
#@#.##.#####.#
..........#
#O#..........#
.##....####
#.####.####### .##....#
#.# #.# .##....#
######o# #.# .##....#
#......# #.# .###o..#
#o###### #.# .# #...#
#.# #.# .###...# #.#
#.#


You could see an ogre and an orc wizard.

Vanquished Creatures
  2 iguanas (D:4)
  7 adders
  An ooze (D:1)
  3 worms
  3 dart slugs
  2 leopard geckos (D:1)
  2 orcs (D:3)
  13 bats
  6 giant cockroaches
  6 goblins
  3 hobgoblins
  2 jackals (D:2)
  4 kobolds
  2 frilled lizards (D:2)
  9 rats
65 creatures vanquished.

Notes
Turn   | Place    | Note
-------+----------+-------------------------------------------
     0 | D:1      | DogShitOnMyToe the Merfolk Gladiator began the quest for the Orb.
     0 | D:1      | Reached XP level 1. HP: 16/16 MP: 1/1
    50 | D:1      | Reached skill level 5 in Polearms
    95 | D:1      | Reached XP level 2. HP: 21/22 MP: 2/2
   438 | D:1      | Reached skill level 6 in Polearms
   438 | D:1      | Reached XP level 3. HP: 27/27 MP: 3/3
  1053 | D:2      | Reached skill level 7 in Polearms
  1053 | D:2      | Reached XP level 4. HP: 17/33 MP: 4/4
  1229 | D:2      | HP: 13/33 [worm (10)]
  1237 | D:2      | HP: 12/33 [goblin (2)]
  1927 | D:3      | Reached skill level 8 in Polearms
  1927 | D:3      | Reached XP level 5. HP: 35/38 MP: 5/5
  2425 | D:3      | Found a burning altar of Makhleb.
  2425 | D:3      | Found a white marble altar of Elyvilon.
  2861 | D:4      | Reached skill level 9 in Polearms
  3131 | D:4      | Noticed an ogre
  3142 | D:4      | HP: 19/38 [ogre/giant club (19)]
  3221 | D:4      | HP: 3/38 [ogre/giant club (26)]
  3222 | D:4      | Mangled by an ogre

Vault maps used:
D:1:      co_arrival_square_in_a_square_in_a_square, minmay_misc_feat_doors
D:3:      gammafunk_temple_overflow_wave, small_statue_intersection
D:4:      first_bread, grunt_decor_arrowhead

Skill      XL: |  1  2  3  4  5 |
---------------+----------------+-----
Polearms       | 5 6 7 8 9 |  9.1
Fighting       | |  2.1
Throwing       | |  2.0
Dodging        | |  4.0

Action                   |  1- 3 |  4- 6 || total
-------------------------+-------+-------++-------
Melee: Trident           |   131 |   129 ||   260
 Stab: Sleeping          |     2 |     5 ||     7
  Eat: Chunk             |     1 |     4 ||     5
       Royal jelly       |       |     1 ||     1
Armor: Leather armour    |    33 |    15 ||    48
Dodge: Dodged            |   117 |    68 ||   185

Table legend:
 A = Spawn XP
 B = Non-spawn XP
 C = Spawn XP percentage of total XP
 D = Spawn monster count
 E = Non-spawn monster count
 F = Spawn count percentage of total count
 G = Total turns spent on level
                    A         B        C        D         E        F      G
               +---------+---------+-------+---------+---------+-------+---------
         Total |       0 |     285 |   0.0 |       0 |      65 |   0.0 |  3222
               +---------+---------+-------+---------+---------+-------+---------
           D:1 |       0 |      37 |   0.0 |       0 |      18 |   0.0 |   626
           D:2 |       0 |      91 |   0.0 |       0 |      29 |   0.0 |  1093
           D:3 |       0 |      69 |   0.0 |       0 |      15 |   0.0 |   814
           D:4 |       0 |      88 |   0.0 |       0 |       3 |   0.0 |   689
               +---------+---------+-------+---------+---------+-------+---------
